 Dungeon Crawl Stone Soup version 0.30.1-3-gfc49f6343a (webtiles) character file.

Game seed: 9406698007472111914

53 Babbit the Trooper (level 3, -2/49 HPs)
             Began as a Minotaur Fighter on Aug 6, 2023.
             Killed from afar by Terence (9 damage)
             ... with a bolt of light
             ... on level 2 of the Dungeon.
             The game lasted 00:04:27 (1073 turns).

Babbit the Trooper (Minotaur Fighter)               Turns: 1073, Time: 00:04:28

Health: -2/49      AC: 21    Str: 22    XL:     3   Next: 62%
Magic:  2/2        EV:  2    Int:  5    God:
Gold:   128        SH:  0    Dex:  9    Spells: 2/2 levels left

rFire   . . .        a - +0 war axe
rCold   . . .        c - +0 buckler
rNeg    . . .        l - melded +0 plate armour
rPois   +            (helmet currently unavailable)
rElec   .            (cloak currently unavailable)
rCorr   .            (gloves currently unavailable)
SInv    .            (boots currently unavailable)
Will    .....        (no amulet)
Stlth   +            (no ring)
HPRegen 0.28/turn    (no ring)
MPRegen 0.08/turn

%: no passive effects
@: confused, tree-form
A: stationary, stasis, torment immunity, boosted hp, (horns 2), (retaliatory
headbutt)
a: no special abilities


You were on level 2 of the Dungeon.
You were a tree.
You visited 1 branch of the dungeon, and saw 2 of its levels.

You collected 128 gold pieces.

Inventory:

Hand Weapons
 a - a +0 war axe (weapon)
Missiles
 i - a boomerang (quivered)
 p - 4 javelins
Armour
 c - a +0 buckler (worn)
 l - a +0 plate armour (melded)
Scrolls
 b - a scroll of magic mapping {unknown}
 f - 4 scrolls of noise {unknown}
 h - 2 scrolls of identify {unknown}
 m - a scroll of blinking {unknown}
 n - a scroll of brand weapon {unknown}
 o - a scroll of poison {unknown}
Potions
 d - a potion of might
 e - a potion of heal wounds {unknown}
 g - 2 potions of magic {unknown}
 j - 2 potions of lignification
 k - 2 potions of invisibility {unknown}
 q - a potion of degeneration {unknown}


   Skills:
 + Level 4.1 Fighting
 * Level 3.5 Axes
 + Level 0.4 Throwing
 + Level 4.1 Armour
 + Level 4.0 Shields


You had 2 spell levels left.
You didn't know any spells.
Your spell library was empty.

Dungeon Overview and Level Annotations

Branches:
Dungeon (2/15)

Altars:

Annotations:
D:2 Terence


Innate Abilities, Weirdness & Mutations

You are a tree.
Your roots penetrate the ground, keeping you stationary.
You cannot be teleported.
You are immune to unholy pain and torment.
Your maximum health is greatly increased.
Your equipment is partially melded.
((You have a pair of horns on your head.))
((You reflexively headbutt those who attack you in melee.))


Message History

You slash Terence!
Terence is heavily wounded.
Terence zaps a wand.
The bolt of light misses you.
Terence zaps a wand.
The bolt of light hits you.
You barely miss Terence.
Terence is heavily wounded.
Terence zaps a wand.
The bolt of light hits you.
You hit Terence but do no damage. You headbutt Terence.
Terence is severely wounded.
You block Terence's attack.
Terence zaps a wand.
The bolt of light hits you but does no damage.
You hit Terence but do no damage.
Terence is severely wounded.
Terence hits you with a +0 mace.
You hit Terence but do no damage.
Terence is severely wounded.
Terence completely misses you. Terence hits you but does no damage.
You hit Terence but do no damage.
Terence is severely wounded.
Terence zaps a wand.
The bolt of light hits you!!
Ouch! That really hurt!
* * * LOW HITPOINT WARNING * * *
You hit Terence.
Terence is severely wounded.
Terence hits you but does no damage.
You hit Terence.
Terence is almost dead.
Terence hits you with a +0 mace.
* * * LOW HITPOINT WARNING * * *
Terence hits you but does no damage.
You hit Terence but do no damage. Your headbutt misses Terence.
Terence is almost dead.
Terence says, "Time to say good-bye..."
Terence barely misses you.
It was a potion of lignification.
You turn into a tree.
Your +0 plate armour melds into your body.
Your roots penetrate the ground.
Terence zaps a wand.
The bolt of light hits you!
You are confused.
You die...

#.....# #.....#
#.....# ####### # #
#### # .r########## #
#@#... ... .## #
#.##♣#.####.# #.# #
#.........#.# #.#####
####.#.##.#.###......
#.#)##......######
..#.......###
############


You could see Terence and a rat.

Vanquished Creatures
  A gnoll (D:1)
  A worm (D:2)
  A dart slug (D:1)
  7 endoplasms
  A giant cockroach (D:1)
  3 goblins (D:1)
  7 hobgoblins
  A kobold (D:1)
  A quokka (D:1)
  2 ball pythons (D:1)
  5 bats
  A frilled lizard (D:1)
  3 rats (D:1)
34 creatures vanquished.

Notes
Turn   | Place    | Note
-------+----------+-------------------------------------------
     0 | D:1      | Babbit the Minotaur Fighter began the quest for the Orb.
     0 | D:1      | Reached XP level 1. HP: 19/19 MP: 0/0
    31 | D:1      | You fall into a shaft and drop 1 floor!
   201 | D:1      | Reached XP level 2. HP: 27/27 MP: 1/1
   310 | D:1      | Found a faded altar of an unknown god.
   471 | D:1      | Reached XP level 3. HP: 32/33 MP: 2/2
  1061 | D:2      | Noticed Terence
  1073 | D:2      | Killed from afar by Terence

Illustrated notes

Levels and vault maps discovered:
D:1:      ncdulo_lavacross, layout_loops_cross,
          dreamdust_ecumenical_altar_angels_and_demons, minmay_pentomino_v4
D:2:      layout_loops_cross, basic_altar, uniq_terence

Skill      XL: |  1  2  3 |
---------------+----------+-----
Axes           | 3 |  3.5
Armour         | 4 |  4.1
Fighting       | 4 |  4.1
Shields        | 4 |  4.0
Throwing       | |  0.4

Action                     || total
---------------------------++-------
  Melee: War axe           ||    74
         Headbutt          ||    12
  Throw: Boomerang         ||     6
    Use: Potion            ||     1
 Armour: Scale mail        ||    13
         Plate armour      ||    24
  Dodge: Dodged            ||    26
  Block: Buckler           ||    13
